 Dungeon Crawl Stone Soup version 0.27-a0-1217-g8a41f320e8 (webtiles) character file.

Game seed: 18018643692284707157

10189 pokeman the Thaumaturge (level 11, 0/61 HPs)
             Began as a Deep Elf Hedge Wizard on June 5, 2021.
             Was a Believer of Vehumet.
             Slain by a minotaur
             ... wielding a +0 dire flail
              (7 damage)
             ... in a Gauntlet.
             The game lasted 00:57:41 (16988 turns).

pokeman the Thaumaturge (Deep Elf Hedge Wizard)    Turns: 16988, Time: 00:57:41

Health: 0/61       AC: 10    Str:  7    XL:     11   Next: 32%
Magic:  17/31      EV: 11    Int: 32    God:    Vehumet [**....]
Gold:   494        SH:  0    Dex: 14    Spells: 27/39 levels left

rFire    + + .     SeeInvis .   W - +11 spear of Uxtoavvi {vorpal, Int+5}
rCold    x x .     Faith    .   (no shield)
rNeg     . . .     Spirit   .   Y - +0 acid dragon scales
rPois    +         Reflect  .   x - +0 hat of Lightning Storm {rPois rCorr Int+4}
rElec    .         Harm     .   y - +0 cloak
rCorr    +         Rampage  .   u - +0 pair of gloves
Will     +....     NoTele   +   D - +0 pair of boots
Stlth    ++........             v - amulet of magic regeneration
HPRegen  0.20/turn              f - ring of fire
MPRegen  0.47/turn              g - ring of fire

@: mighty
A: no striking features
a: Renounce Religion


You were in a Gauntlet.
You worshipped Vehumet.
Vehumet was pleased with you.
You visited 2 branches of the dungeon, and saw 12 of its levels.
You also visited: Sewer, Ossuary and Gauntlet.

You collected 494 gold pieces.

Inventory:

Hand Weapons
 o - a +0 hand crossbow
 z - the +8 hand crossbow of the Poles {speed, Drain rPois Str+7 SInv}
   (You found it in a Gauntlet)

   Attacks with this weapon are significantly faster.
   It affects your strength (+7).
   It protects you from poison.
   It lets you see invisible.
   It drains your maximum health when unequipped.
 W - the +11 spear of Uxtoavvi (weapon) {vorpal, Int+5}
   (You found it on level 8 of the Dungeon)

   It inflicts extra damage upon your enemies.
   It affects your intelligence (+5).
Missiles
 j - 117 bolts
 k - a throwing net
Armour
 a - a +2 robe of resistance
 e - a +2 kite shield of reflection
 u - a +0 pair of gloves (worn)
 x - the +0 hat of Lightning Storm (worn) {rPois rCorr Int+4}
   (You found it in a Gauntlet)

   It affects your intelligence (+4).
   It protects you from poison.
   It protects you from acid and corrosion.
 y - a +0 cloak (worn)
 D - a +0 pair of boots (worn)
 H - a +1 helmet of see invisible
 Q - a +1 leather armour of fire resistance
 Y - +0 acid dragon scales (worn)
Magical Staves
 l - a staff of poison
Jewellery
 f - a ring of fire (left hand)
 g - a ring of fire (right hand)
 s - a ring of see invisible
 v - an amulet of magic regeneration (around neck)
 K - an amulet of reflection
 U - a ring of protection from cold
Wands
 r - a wand of iceblast (15)
 t - a wand of mindburst (11)
 F - a wand of acid (5)
Scrolls
 i - a scroll of fog
 m - a scroll of vulnerability {unknown}
 q - a scroll of summoning {unknown}
 w - a scroll of magic mapping
 A - 3 scrolls of blinking
 B - 5 scrolls of teleportation
 C - 4 scrolls of noise
 L - a scroll of enchant armour
 V - a scroll of silence {unknown}
 X - 2 scrolls of acquirement {unknown}
Potions
 b - 6 potions of flight
 c - a potion of attraction
 d - 7 potions of curing {unknown}
 h - a potion of lignification
 p - 7 potions of heal wounds
 E - a potion of might
 G - 2 potions of haste
 N - 2 potions of brilliance
 O - a potion of ambrosia
 S - 2 potions of invisibility


   Skills:
 - Level 4.0 Fighting
 - Level 4.0 Armour
 - Level 3.0 Dodging
 - Level 3.3 Stealth
 + Level 2.3 Shields
 * Level 14.6 Spellcasting
 + Level 8.9 Conjurations
 - Level 1.1 Summonings
 - Level 1.1 Translocations
 + Level 8.1 Fire Magic
 - Level 1.1 Air Magic
 - Level 1.3 Poison Magic
 - Level 1.0 Evocations


You had 27 spell levels left.
You knew the following spells:

 Your Spells              Type           Power      Damage    Failure   Level
a - Magic Dart            Conj           100%       1d8       1%          1
b - Mephitic Cloud        Conj/Pois/Air  47%        N/A       2%          3
c - Call Imp              Summ           30%        N/A       3%          2
d - Blink                 Tloc           N/A        N/A       3%          2
e - Conjure Flame         Conj/Fire      100%       6-21      1%          3
f - Foxfire               Conj/Fire      100%       2x1d9     1%          1

Your spell library contained the following spells:

 Spells                   Type           Power      Damage    Failure   Level
 Freeze                   Ice            92%        1d10      3%          1
 Dazzling Flash           Conj/Hex       100%       N/A       1%          3
 Summon Small Mammal      Summ           100%       N/A       2%          1
 Ignite Poison            Fire/Tmut/Pois 78%        N/A       2%          3
 Animate Skeleton         Necr           46%        N/A       3%          1
 Corona                   Hex            25%        N/A       3%          1
 Pain                     Necr           92%        1d8       3%          1
 Ensorcelled Hibernation  Hex/Ice        46%        N/A       5%          2
 Slow                     Hex            23%        N/A       5%          2
 Lesser Beckoning         Tloc           15%        N/A       6%          3
 Summon Guardian Golem    Hex/Summ       26%        N/A       9%          3
 Confusing Touch          Hex            23%        N/A       11%         3
 Tukima's Dance           Hex            23%        N/A       11%         3
 Vampiric Draining        Necr           11%        2d7       11%         3
 Passage of Golubria      Tloc           N/A        N/A       22%         4
 Animate Armour           Summ/Erth      52%        N/A       26%         4
 Animate Dead             Necr           11%        N/A       34%         4
 Agony                    Necr           23%        N/A       67%         5
 Spellforged Servitor     Conj/Summ      26%        N/A       98%         7
 Malign Gateway           Summ/Tloc      15%        N/A       100%        7
 Disjunction              Tloc           15%        N/A       100%        8


Dungeon Overview and Level Annotations

Branches:
Dungeon (11/15)            Temple (1/1) D:6            Lair (0/6) D:10
  Sewer (visited)         Ossuary (visited)         Gauntlet (1/1)
    Orc: D:9-12

Altars:
Ashenzari
Cheibriados
Dithmenos
Elyvilon
Fedhas
Gozag
Hepliaklqana
Kikubaaqudgha
Nemelex Xobeh
Okawaru
Qazlal
Ru
Sif Muna
Trog
Uskayaw
Vehumet
Wu Jian
Xom
Yredelemnul
Zin
The Shining One

Shops:
D:1 =   D:2 *

Annotations:
D:10 2 runed translucent doors, lightspider's ghost, journeyman DrGl Gauntlet 6 transporters, 3 runed translucent doors, exclusion: oklob plant


Message History

A beastly little devil appears in a puff of flame.
Casting: Call Imp (safe; 3% risk of failure)
Confirm with . or Enter, or press ? or * to list all spells.
A beastly little devil appears in a puff of flame.
Unknown command.
Something hits you. Something gores you but does no damage.
You swap places.
Something hits your crimson imp!!
Your crimson imp dies!
Casting: Call Imp (safe; 3% risk of failure)
Confirm with . or Enter, or press ? or * to list all spells.
You feel a strong surge of power!
The fire begins to smoulder!
A javelin appears from out of thin air!
The javelin pierces through you!!
Unknown command.
The fire ignites!
Casting: Conjure Flame (safe; 1% risk of failure)
Confirm with . or Enter, or press ? or * to list all spells.
You feel a strong surge of power!
The fire begins to smoulder!
Something hits your crimson imp!!
Your crimson imp dies!
The fire ignites!
Casting: Conjure Flame (safe; 1% risk of failure)
Confirm with . or Enter, or press ? or * to list all spells.
A beastly little devil appears in a puff of flame.
Unknown command.
Casting: Call Imp (safe; 3% risk of failure)
Confirm with . or Enter, or press ? or * to list all spells.
A beastly little devil appears in a puff of frigid air.
Something hits your white imp! Something gores your white imp.
Your white imp dies!
You swap places.
Something hits your crimson imp!!!
Your crimson imp dies!
Something hits you. Something gores you.
Casting: Call Imp (safe; 3% risk of failure)
Confirm with . or Enter, or press ? or * to list all spells.
A beastly little devil appears in a puff of flame.
Something hits you!
* * * LOW HITPOINT WARNING * * *
Something gores you!
You die...

≈.#...©[..#.#=?#©#..#.≈##
#.#########.#########.##
≈.....................≈#
≈≈#≈≈≈#..∩.⌠.∩..#≈≈≈#≈≈≈#
≈###≈###.......###≈###≈##
# ################## ##
.................#
.⌠.⌠.⌠.©.©.⌠.⌠.5.#
.............@...#
####.###.###§#####
###.###.###.###
#.............#
#.###.###.###.#
............#
#####'####### #. .


You could see a friendly crimson imp (summoned).

Vanquished Creatures
  Erica (D:8)
  A two-headed ogre (D:10)
  A wizard (Gauntlet)
  Pikel (D:6)
  A deep elf pyromancer (D:8)
  A manticore (D:8)
  Joseph (D:8)
  3 komodo dragons (D:10)
  A troll (D:10)
  A slime creature (D:8)
  Sigmund (D:6)
  2 wraiths
  Eustachio (D:6)
  2 vampire mosquitoes (D:10)
  A basilisk (D:10)
  Menkaure (D:3)
  An acid dragon (D:8)
  2 water moccasins
  A sky beast (D:7)
  3 black bears
  An ice beast (D:7)
  6 ogres
  3 orc warriors
  A centaur (D:7)
  A phantom (D:6)
  4 kobold brigands
  3 bullfrogs
  10 scorpions
  A gnoll sergeant (D:9)
  6 killer bees (D:9)
  5 wights (D:7)
  6 centaur zombies
  2 jellies
  6 hounds
  2 centaur skeletons (D:7)
  3 human zombies (Ossuary)
  3 orc priests (D:6)
  2 iguanas
  Jessica (D:2)
  3 scorpion zombies (Ossuary)
  Ijyb (D:3)
  6 orc wizards
  2 killer bee zombies
  A hound zombie (D:5)
  3 hound skeletons
  3 mummies (Ossuary)
  2 howler monkey zombies
  Robin (D:4)
  14 gnolls
  6 adders
  2 shadow imps
  7 worms
  2 dart slugs
  10 orcs
  10 ball pythons
  11 bats
  7 endoplasms
  7 giant cockroaches
  18 goblins
  10 hobgoblins
  9 jackals
  26 kobolds
  3 quokkas
  5 frilled lizards
  2 gnoll zombies (Ossuary)
  3 goblin zombies (Ossuary)
  A kobold zombie (Ossuary)
  2 orc zombies (Ossuary)
  8 rats
278 creatures vanquished.

Vanquished Creatures (collateral kills)
  Crazy Yiuf (D:3)
  An orc (D:4)
  An endoplasm (Sewer)
  A giant cockroach (D:4)
  A hobgoblin (D:4)
  A quokka (Sewer)
  A frilled lizard (Sewer)
7 creatures vanquished.

Vanquished Creatures (others)
  3 scorpions
  An orc zombie (Ossuary)
  126 foxfires
  4 fungi (D:3)
  6 plants (D:10)
140 creatures vanquished.

Grand Total: 425 creatures vanquished

Notes
Turn   | Place    | Note
-------+----------+-------------------------------------------
     0 | D:1      | pokeman the Deep Elf Hedge Wizard began the quest for the
                  | Orb.
     0 | D:1      | Reached XP level 1. HP: 10/10 MP: 7/7
    57 | D:1      | Found Hauzucho's Jewellery Shop.
   107 | D:1      | Reached XP level 2. HP: 7/15 MP: 1/9
   627 | D:1      | Reached skill level 5 in Spellcasting
   753 | D:1      | Reached XP level 3. HP: 20/20 MP: 8/11
   757 | D:1      | Learned a level 3 spell: Mephitic Cloud
   760 | D:1      | Learned a level 2 spell: Call Imp
   763 | D:1      | Learned a level 2 spell: Blink
   767 | D:1      | Learned a level 3 spell: Conjure Flame
  1318 | D:2      | Reached skill level 1 in Fighting
  1389 | D:2      | Reached skill level 1 in Armour
  1586 | D:2      | Reached XP level 4. HP: 25/25 MP: 9/13
  1670 | D:2      | Noticed Jessica
  1680 | D:2      | Killed Jessica
  1812 | D:2      | Reached skill level 1 in Fire Magic
  2076 | D:2      | Found Ziod's Assorted Antiques.
  3018 | D:3      | Reached skill level 6 in Spellcasting
  3018 | D:3      | Reached XP level 5. HP: 20/29 MP: 2/15
  3380 | D:3      | Noticed Ijyb
  3678 | D:3      | Killed Ijyb
  3679 | D:3      | Reached skill level 1 in Air Magic
  3856 | D:3      | Found a glowing golden altar of the Shining One.
  4429 | D:3      | Found a runed translucent door.
  4430 | D:3      | Noticed Crazy Yiuf
  4664 | D:3      | Killed Crazy Yiuf
  5040 | D:4      | Noticed Menkaure
  5054 | D:4      | HP: 1/29 [Menkaure/nerve-wracking pain (12)]
  5402 | D:3      | Killed Menkaure
  5403 | D:3      | Reached skill level 1 in Poison Magic
  5403 | D:3      | Reached XP level 6. HP: 8/34 MP: 1/17
  5493 | D:4      | Reached skill level 7 in Spellcasting
  5503 | D:4      | Found a faded altar of an unknown god.
  5503 | D:4      | Found a glowing silver altar of Zin.
  5508 | D:4      | Found a shadowy altar of Dithmenos.
  5510 | D:4      | Found a sacrificial altar of Ru.
  5511 | D:4      | Found a faded altar of an unknown god.
  5575 | D:4      | Upgraded the game from 0.27-a0-1202-ge72e49191c to
                  | 0.27-a0-1217-g8a41f320e8
  5595 | D:4      | Found a glowing drain.
  5608 | Sewer    | Entered a sewer
  6602 | D:4      | Reached skill level 1 in Evocations
  6817 | D:4      | Reached XP level 7. HP: 39/39 MP: 7/20
  6966 | D:4      | Noticed Robin
  6979 | D:4      | Killed Robin
  7307 | D:4      | Reached skill level 8 in Spellcasting
  7407 | D:4      | Found a sparkling altar of Nemelex Xobeh.
  7772 | D:5      | Entered Level 5 of the Dungeon
  8077 | D:5      | Found a sand-covered staircase.
  8089 | Ossuary  | Entered an ossuary
  8193 | Ossuary  | Reached XP level 8. HP: 44/44 MP: 18/22
  8230 | Ossuary  | Reached skill level 9 in Spellcasting
  8398 | Ossuary  | Reached skill level 5 in Conjurations
  8890 | D:5      | Reached skill level 10 in Spellcasting
  9516 | D:5      | Found a snail-covered altar of Cheibriados.
  9605 | D:5      | Reached XP level 9. HP: 48/48 MP: 22/25
 10026 | D:6      | Noticed Pikel
 10039 | D:6      | Killed Pikel
 10040 | D:6      | Reached skill level 11 in Spellcasting
 10040 | D:6      | Reached skill level 5 in Fire Magic
 10062 | D:6      | Found a staircase to the Ecumenical Temple.
 10063 | D:6      | Noticed Sigmund
 10069 | Temple   | Entered the Ecumenical Temple
 10203 | Temple   | Became a worshipper of Vehumet
 10798 | D:6      | Killed Sigmund
 11102 | D:6      | Found a shimmering altar of Xom.
 11309 | D:6      | Noticed Eustachio
 11331 | D:6      | Killed Eustachio
 11332 | D:6      | Reached skill level 12 in Spellcasting
 11622 | D:6      | Found a shimmering blue altar of Sif Muna.
 11737 | D:7      | Found a blossoming altar of Fedhas.
 12170 | D:7      | Reached XP level 10. HP: 56/56 MP: 20/28
 12664 | D:7      | Found an iron altar of Okawaru.
 12815 | D:8      | Noticed a deep elf pyromancer
 12816 | D:8      | Noticed a manticore
 12926 | D:8      | Reached * piety under Vehumet
 12926 | D:8      | Offered knowledge of Foxfire by Vehumet.
 12929 | D:8      | Learned a level 1 spell: Foxfire
 12933 | D:8      | Noticed Joseph
 13083 | D:8      | Killed a manticore
 13329 | D:8      | Killed a deep elf pyromancer
 13330 | D:8      | Reached skill level 13 in Spellcasting
 13392 | D:8      | Identified the Handbook of the Hidden Vale
 13394 | D:8      | Identified the +11 spear of Uxtoavvi {vorpal, Int+5}
 13476 | D:8      | Killed Joseph
 13823 | D:8      | Noticed Erica
 13847 | D:8      | Killed Erica
 14124 | D:8      | Found a bloodstained altar of Trog.
 14834 | D:9      | Reached ** piety under Vehumet
 14834 | D:9      | Offered knowledge of Freeze by Vehumet.
 14946 | D:9      | Found a white marble altar of Elyvilon.
 15464 | D:10     | Entered Level 10 of the Dungeon
 15519 | D:10     | Found a staircase to the Lair.
 15529 | D:10     | Reached skill level 1 in Shields
 15536 | D:10     | Reached skill level 14 in Spellcasting
 15682 | D:10     | Noticed a two-headed ogre
 15694 | D:10     | Killed a two-headed ogre
 15695 | D:10     | Reached XP level 11. HP: 61/61 MP: 22/31
 15946 | D:10     | Noticed lightspider's ghost (journeyman DrGl)
 15947 | D:10     | Noticed a skeletal warrior
 15947 | D:10     | Noticed a lich
 15947 | D:10     | Noticed a six-headed hydra
 15947 | D:10     | Noticed a necromancer
 15948 | D:10     | Noticed a fire dragon
 15948 | D:10     | Noticed a frost giant
 16059 | D:10     | Found a runed translucent door.
 16311 | D:10     | Found a runed translucent door.
 16351 | D:10     | Identified the +5 plate armour of Minor Irritation {rF+
                  | Regen+ Str+4}
 16494 | D:11     | Noticed a five-headed hydra
 16526 | D:11     | Found a gate leading to a gauntlet.
 16530 | Gauntlet | Entered a Gauntlet
 16530 | Gauntlet | Found a transporter.
 16530 | Gauntlet | Found a transporter.
 16533 | Gauntlet | Noticed a wizard
 16553 | Gauntlet | Found a transporter.
 16557 | Gauntlet | Found a transporter.
 16564 | Gauntlet | Noticed a tengu warrior
 16565 | Gauntlet | Found a transporter.
 16569 | Gauntlet | Found a transporter.
 16571 | Gauntlet | Noticed a large abomination
 16578 | Gauntlet | Noticed a large abomination
 16580 | Gauntlet | Found a transporter.
 16592 | Gauntlet | Found a runed translucent gate.
 16593 | Gauntlet | Found a transporter.
 16593 | Gauntlet | Found a runed translucent gate.
 16594 | Gauntlet | Found a runed translucent gate.
 16595 | Gauntlet | Noticed a thrashing horror
 16595 | Gauntlet | Noticed a thrashing horror
 16607 | Gauntlet | Found a transporter.
 16611 | Gauntlet | Found a transporter.
 16620 | Gauntlet | Found a transporter.
 16623 | Gauntlet | Found a transporter.
 16625 | Gauntlet | Noticed an oklob plant
 16700 | Gauntlet | Killed a wizard
 16805 | Gauntlet | Identified Sif Muna's Incunabulum of the Supportive Blaze
 16844 | Gauntlet | Identified the +0 hat of Lightning Storm {rPois rCorr
                  | Int+4}
 16939 | Gauntlet | Identified the +8 hand crossbow of the Poles {speed, Drain
                  | rPois Str+7 SInv}
 16957 | Gauntlet | Noticed a minotaur
 16988 | Gauntlet | Slain by a minotaur

Illustrated notes

Levels and vault maps discovered:
D:1:      psy_arrival_dodecagon, layout_basic, serial_shops, shop,
          serial_curves, eino_curves_04, eino_curves_03
D:2:      layout_basic, serial_shops, shop, hangedman_decor_opposing,
          uniq_jessica
D:3:      layout_loops_ring, nicolae_overflow_hidden_temple, minivault_14,
          kennysheep_generic_room_15, uniq_crazy_yiuf_cottage, uniq_ijyb
D:4:      layout_basic, lemuel_crystal_altar,
          chequers_temple_overflow_minitemple, cheibrodos_sewer_entry_bend,
          st_stairs_3, chequers_serial_rivers_small_b,
          eino_small_chamber_without_monster, uniq_menkaure, uniq_robin
D:5:      layout_basic, lemuel_doored_altar, nicolae_ossuary_entry_ruins,
          kennysheep_path_1
D:6:      layout_rooms, kennysheep_mini_moat, marbit_many_paths,
          minmay_temple_entry_waves, uniq_pikel, uniq_eustachio, uniq_sigmund
D:7:      layout_basic, overflow_temple_1_default, fedhas_bush_and_centaur_altar
D:8:      layout_rooms, nicolae_overflow_crystal_walls, minmay_radiant,
          uniq_joseph, uniq_erica
D:9:      layout_basic, elyvilon_altar_1
D:10:     layout_cross, lair_entry_dummy, muffindrake_ghost_dual_entry,
          minmay_lizard_king
D:11:     layout_rooms, gauntlet_entry_generic, st_stairs_11,
          okawaru_ov_weapons_minmay
Temple:   nicolae_temple_figure_zero
Gauntlet: minmay_gauntlet_77_indecision [minmay_gauntlet_arena_77_braids,
          minmay_gauntlet_arena_77_broken_ladder,
          minmay_gauntlet_arena_77_hold_the_fort,
          minmay_gauntlet_arena_77_checkered,
          minmay_gauntlet_arena_77_chump_sandwich,
          minmay_gauntlet_arena_77_run_for_it, gauntlet_exit_hidden_loot]

Skill      XL: |  1  2  3  4  5  6  7  8  9 10 11 |
---------------+----------------------------------+-----
Spellcasting   | 5 6 7 8 10 12 14 | 14.6
Fighting       | 1 2 3 4 |  4.0
Armour         | 1 3 4 |  4.0
Conjurations   | 2 3 4 5 7 8 |  8.9
Fire Magic     | 1 2 4 6 7 8 |  8.1
Dodging        | 3 |  3.0
Air Magic      | 1 |  1.1
Stealth        | 3 |  3.3
Poison Magic   | 1 |  1.3
Evocations     | 1 |  1.0
Shields        | 1 2 |  2.3
Summonings     | |  1.1
Translocations | |  1.1

Action                   |  1- 3 |  4- 6 |  7- 9 | 10-12 || total
-------------------------+-------+-------+-------+-------++-------
Melee: Dagger            |     3 |    55 |   121 |    24 ||   203
       Spear             |       |       |       |    68 ||    68
 Fire: Hand crossbow     |       |       |       |     4 ||     4
 Cast: Magic Dart        |    89 |   145 |   193 |    57 ||   484
       Mephitic Cloud    |       |    12 |    37 |    31 ||    80
       Call Imp          |       |    10 |       |    22 ||    32
       Conjure Flame     |       |     4 |    25 |    35 ||    64
       Blink             |       |     8 |     1 |     4 ||    13
       Foxfire           |       |       |       |    67 ||    67
Evoke: Wand              |       |     1 |       |       ||     1
  Use: Scroll            |       |       |       |    13 ||    13
       Potion            |       |       |       |     6 ||     6
 Stab: Confused          |       |     4 |     8 |     2 ||    14
       Sleeping          |       |     3 |     1 |       ||     4
Armor: Robe              |     5 |     6 |       |       ||    11
       Leather armour    |       |    21 |    39 |    17 ||    77
       Acid dragon scale |       |       |       |    15 ||    15
Dodge: Dodged            |     8 |    54 |    75 |    37 ||   174
Block: Other             |       |       |    29 |    16 ||    45
       Reflection        |       |       |     1 |       ||     1

Table legend: (Time is in decaauts)
 A = Elapsed time spent in this place.
 B = Non-inter-level travel time spent in this place.
 C = Inter-level travel time spent in this place.
 D = Time resting spent in this place.
 E = Time spent auto-exploring this place.
 F = Levels seen in this place.
 G = Mean time per level.
                   A        B        C        D        E       F      G
               +--------+--------+--------+--------+--------+-----+--------+
         Total |  17173 |  16381 |    792 |   3245 |  10188 |  15 | 1144.9 |
       Dungeon |  14079 |  13301 |    778 |   2142 |   8980 |  11 | 1279.9 |
        Temple |    757 |    744 |     13 |    524 |    129 |   1 |  757.0 |
         Sewer |   1129 |   1129 |      0 |    277 |    665 |   1 | 1129.0 |
       Ossuary |    749 |    749 |      0 |    162 |    320 |   1 |  749.0 |
      Gauntlet |    458 |    458 |      0 |    140 |     93 |   1 |  458.0 |
               +--------+--------+--------+--------+--------+-----+--------+

Top non-repeatable levels by time:
     D:2: 2162 daAuts
     D:3: 1935 daAuts
     D:4: 1481 daAuts
     D:7: 1359 daAuts
     D:6: 1339 daAuts
     D:8: 1314 daAuts
     D:1: 1298 daAuts
     D:5: 1137 daAuts
   Sewer: 1129 daAuts
     D:9: 1033 daAuts
    D:10: 980 daAuts
  Temple: 757 daAuts
 Ossuary: 749 daAuts
Gauntlet: 458 daAuts
    D:11: 36 daAuts
